 Dungeon Crawl Stone Soup version 0.30.0-5-g1a98f26d00 (webtiles) character file.

Game seed: 3331125503535299937

1164 Peloso the Slasher (level 8, -6/70 (71) HPs)
             Began as a Minotaur Fighter on May 8, 2023.
             Was a Believer of Okawaru.
             Mangled by Crazy Yiuf
             ... wielding a +4 quarterstaff of chaos
              (20 damage)
             ... on level 5 of the Dungeon.
             The game lasted 00:09:38 (4508 turns).

Peloso the Slasher (Minotaur Fighter)               Turns: 4508, Time: 00:09:39

HP:   -6/70 (71)    AC: 24    Str: 21    XL:     8   Next: 17%
MP:   5/7           EV:  9    Int:  5    God:    Okawaru [**....]
Gold: 143           SH:  6    Dex: 12    Spells: 7/7 levels left

rFire   . . .        a - +0 long sword
rCold   . . .        d - +0 buckler
rNeg    . . .        A - +0 plate armour
rPois   .            (helmet restricted)
rElec   .            y - +0 cloak
rCorr   .            (no gloves)
SInv    .            (no boots)
Will    .....        (no amulet) Stlth
                     q - +4 ring of protection
HPRegen 0.31/turn    n - +4 ring of protection
MPRegen 0.10/turn

%: no passive effects
@: heroic, lightly drained
A: horns 2, retaliatory headbutt
a: Renounce Religion, Heroism


You were on level 5 of the Dungeon.
You worshipped Okawaru.
Okawaru was pleased with you.
You visited 1 branch of the dungeon, and saw 5 of its levels.

You collected 312 gold pieces.
You spent 169 gold pieces at shops.

Inventory:

Hand Weapons
 a - a +0 long sword (weapon)
Armour
 b - a +0 scale mail
 d - a +0 buckler (worn)
 s - a +0 chain mail
 y - a +0 cloak (worn)
 A - a +0 plate armour (worn)
Magical Staves
 c - a staff of fire
Jewellery
 m - a ring of magical power
 n - a +4 ring of protection (right hand)
 q - a +4 ring of protection (left hand)
Wands
 z - a wand of flame (19)
Scrolls
 e - 2 scrolls of enchant armour
 h - a scroll of poison {unknown}
 k - a scroll of fear {unknown}
 l - 2 scrolls of immolation {unknown}
 o - 3 scrolls of teleportation
 p - 2 scrolls of amnesia {unknown}
 r - a scroll of magic mapping {unknown}
 v - 2 scrolls of identify
 w - a scroll of noise {unknown}
Potions
 f - 4 potions of might
 g - 4 potions of curing
 i - 4 potions of brilliance
 j - 2 potions of invisibility {unknown}
 t - a potion of heal wounds {unknown}
 u - 2 potions of mutation
 x - a potion of degeneration {unknown}


   Skills:
 + Level 6.5(11.5) Fighting
 + Level 7.9(12.9) Long Blades
 + Level 6.5(11.5) Armour
 + Level 1.9(6.9) Dodging
 + Level 0.1(5.1) Stealth
 + Level 5.1(10.1) Shields


You had 7 spell levels left.
You didn't know any spells.
Your spell library contained the following spells:

 Spells                   Type           Power      Damage    Failure   Level
 Apportation              Tloc           0%         N/A       100%        1
 Beastly Appendage        Tmut           0%         N/A       100%        1
 Blink                    Tloc           0%         N/A       100%        2
 Lesser Beckoning         Tloc           0%         N/A       100%        2
 Momentum Strike          Conj/Tloc      0%         3d8       100%        2
 Sublimation of Blood     Necr           0%         N/A       100%        2
 Wereblood                Tmut           0%         N/A       100%        2
 Spider Form              Tmut/Pois      0%         N/A       100%        3
 Petrify                  Tmut/Erth      0%         N/A       100%        4
 Alistair's Intoxication  Tmut/Pois      0%         N/A       100%        5
 Irradiate                Conj/Tmut      0%         3d11      100%        5


Dungeon Overview and Level Annotations

Branches:
Dungeon (5/15)
 Temple: D:4-7

Altars:
Ashenzari
Dithmenos
Nemelex Xobeh
Okawaru
Uskayaw
Vehumet
Zin

Shops:
D:1 *   D:4 *:   D:5 *

Annotations:
D:5 1 runed translucent door, Crazy Yiuf; Henri's ghost, amateur TrGl


Innate Abilities, Weirdness & Mutations

You have a pair of horns on your head.
You reflexively headbutt those who attack you in melee.


Message History

As you open the door, it creaks loudly!
You closely miss Crazy Yiuf.
You headbutt Crazy Yiuf, but do no damage.
Crazy Yiuf drinks a potion.
Crazy Yiuf seems to grow stronger.
You hit Crazy Yiuf but do no damage. Your headbutt misses Crazy Yiuf.
Crazy Yiuf hits you but does no damage.
You hit Crazy Yiuf. Your headbutt misses Crazy Yiuf.
Crazy Yiuf is moderately wounded.
Crazy Yiuf hits you with a +4 quarterstaff of chaos!!
Crazy Yiuf freezes you.
You hit Crazy Yiuf.
Crazy Yiuf is moderately wounded.
Crazy Yiuf hits you with a +4 quarterstaff of chaos!
You hit Crazy Yiuf. You headbutt Crazy Yiuf.
Crazy Yiuf is severely wounded.
Crazy Yiuf hits you but does no damage.
You hit Crazy Yiuf but do no damage.
Crazy Yiuf is severely wounded.
Crazy Yiuf hits you with a +4 quarterstaff of chaos!
You are poisoned.
You gain the combat prowess of a mighty hero.
You feel very sick.
Crazy Yiuf screams, "Adder senile mobile!"
Crazy Yiuf hits you but does no damage.
You hit Crazy Yiuf.
Crazy Yiuf is severely wounded.
You feel sick. Crazy Yiuf hits you but does no damage.
You feel drained.
You hit Crazy Yiuf but do no damage.
Crazy Yiuf is severely wounded.
You feel sick.
Crazy Yiuf hits you with a +4 quarterstaff of chaos!!
* * * LOW HITPOINT WARNING * * *
Crazy Yiuf burns you.
* * * LOW HITPOINT WARNING * * *
It was a potion of curing.
You feel better. You block Crazy Yiuf's attack.
You hit Crazy Yiuf.
Crazy Yiuf is almost dead.
Crazy Yiuf screams, "Snurf mumblescurry disdain!"
Crazy Yiuf hits you but does no damage.
You are electrocuted!!
You die...

##........#
#.....######
##........[#
#.#####.....
#..........#
#.#####.####
#.##########
###.....# ##.#
#######
#..#######
#.#....#.### ###
#.......#..##...#
#......####@g...#
##....## ###..)#
###### ###


You could see Crazy Yiuf (strong).

Vanquished Creatures
  2 black bears
  An ogre (D:5)
  2 phantoms
  6 hounds (D:5)
  3 jellies
  3 sleepcaps
  2 iguanas
  Natasha (thrice) (D:3)
  3 orc wizards
  5 gnolls
  3 adders
  2 shadow imps (D:5)
  2 worms
  4 dart slugs
  12 orcs
  8 ball pythons
  6 endoplasms
  3 giant cockroaches
  8 goblins
  7 hobgoblins
  5 jackals
  3 quokkas
  7 bats
  2 frilled lizards
  7 kobolds
  7 rats
116 creatures vanquished.

Notes
Turn   | Place    | Note
-------+----------+-------------------------------------------
     0 | D:1      | Peloso the Minotaur Fighter began the quest for the Orb.
     0 | D:1      | Reached XP level 1. HP: 19/19 MP: 0/0
   217 | D:1      | Found Cabuech's General Store.
   236 | D:1      | Reached XP level 2. HP: 27/27 MP: 1/1
   586 | D:2      | Reached XP level 3. HP: 34/34 MP: 2/2
   672 | D:2      | Found a faded altar of an unknown god.
   808 | D:2      | Found an iron altar of Okawaru.
   814 | D:2      | Became a worshipper of Warmaster Okawaru
   852 | D:2      | Reached skill level 3 in Long Blades
  1579 | D:3      | Noticed a black bear
  1713 | D:3      | Reached XP level 4. HP: 41/41 MP: 3/3
  1761 | D:3      | Killed a black bear
  1762 | D:3      | Reached skill level 5 in Fighting
  1762 | D:3      | Reached skill level 1 in Dodging
  1762 | D:3      | Reached XP level 5. HP: 18/48 MP: 4/4
  1934 | D:3      | Noticed Natasha
  1939 | D:3      | Killed Natasha
  1940 | D:3      | Reached skill level 5 in Armour
  2064 | D:3      | Reached skill level 4 in Long Blades
  2342 | D:3      | Reached * piety under Okawaru
  2343 | D:3      | Reached XP level 6. HP: 49/56 MP: 5/5
  2488 | D:1      | Bought a potion of mutation for 104 gold pieces
  2488 | D:1      | Bought a scroll of identify for 26 gold pieces
  2488 | D:1      | Bought a scroll of teleportation for 39 gold pieces
  2549 | D:3      | Noticed Natasha
  2555 | D:3      | Killed Natasha
  2562 | D:3      | Noticed Natasha
  2567 | D:3      | Killed Natasha
  2788 | D:4      | Found Doang's Assorted Antiques.
  2805 | D:4      | Reached skill level 5 in Long Blades
  2962 | D:4      | Found Nurio's Vocational Training.
  3043 | D:4      | Reached XP level 7. HP: 62/62 MP: 6/6
  3051 | D:4      | Found a hide-covered altar of Uskayaw.
  3083 | D:4      | Found a shadowy altar of Dithmenos.
  3199 | D:5      | Entered Level 5 of the Dungeon
  3336 | D:5      | Reached ** piety under Okawaru
  3358 | D:5      | Found a sparkling altar of Nemelex Xobeh.
  3376 | D:5      | Reached skill level 6 in Long Blades
  3431 | D:5      | Found a radiant altar of Vehumet.
  3547 | D:5      | Found a runed translucent door.
  3553 | D:5      | Noticed Henri's ghost (amateur TrGl)
  3569 | D:5      | Reached skill level 5 in Shields
  3645 | D:5      | Reached skill level 7 in Long Blades
  3645 | D:5      | Found a broken altar of Ashenzari.
  3717 | D:5      | Reached XP level 8. HP: 71/71 MP: 7/7
  4036 | D:5      | Found Zin's Purification Station.
  4037 | D:5      | Found a glowing silver altar of Zin.
  4186 | D:5      | Found a runed translucent door.
  4187 | D:5      | Noticed Crazy Yiuf
  4508 | D:5      | Mangled by Crazy Yiuf

Illustrated notes

Levels and vault maps discovered:
D:1:      dpeg_arrival_ternary, layout_basic, serial_shops, shop
D:2:      layout_loops_corners, basic_altar,
          shapermc_ecumenical_altar_totnotflames
D:3:      layout_basic, uniq_natasha
D:4:      layout_cave_pools, mainiacjoe_overflow_two_lobes, serial_shops,
          nicolae_shop_stone, nicolae_shop_vocational
D:5:      layout_basic, nicolae_overflow_crystal_walls, zin_purify,
          cheibrodos_ashenzari_chains, vehumet_altar_wand_db,
          gammafunk_ghost_grave, uniq_crazy_yiuf_cottage

Skill      XL: |  1  2  3  4  5  6  7 |
---------------+----------------------+-----
Armour         | 4 5 6 |  6.5
Fighting       | 4 5 6 |  6.5
Long Blades    | 3 4 5 7 |  7.9
Shields        | 4 5 |  5.1
Dodging        | 1 |  1.9
Stealth        | |  0.1

Action                     |  1- 3 |  4- 6 |  7- 9 || total
---------------------------+-------+-------+-------++-------
  Melee: Long sword        |   126 |   130 |   115 ||   371
         Headbutt          |    15 |    28 |    31 ||    74
 Invoke: Heroism           |       |       |     1 ||     1
    Use: Scroll            |       |     4 |       ||     4
         Potion            |       |     1 |     1 ||     2
 Armour: Scale mail        |    70 |    20 |       ||    90
         Chain mail        |       |    75 |    28 ||   103
         Plate armour      |       |       |    54 ||    54
  Dodge: Dodged            |    60 |    63 |    21 ||   144
  Block: Buckler           |    34 |    30 |    28 ||    92
